 Dungeon Crawl Stone Soup version 0.29-a0-330-g52719c12eb (webtiles) character file.

Game seed: 7252914972237312993

9383 gruber the Blocker (level 11, -23/120 HPs)
             Began as an Ogre Ice Elementalist on May 1, 2022.
             Was an Initiate of Fedhas.
             Killed from afar by a gargoyle (26 damage)
             ... with a stone arrow
             ... on level 11 of the Dungeon.
             The game lasted 00:18:42 (14180 turns).

gruber the Blocker (Ogre Ice Elementalist)         Turns: 14180, Time: 00:18:42

Health: -23/120    AC: 14    Str: 14    XL:     11   Next: 45%
Magic:  26/26      EV: 13    Int: 20    God:    Fedhas [......]
Gold:   430        SH: 11    Dex:  9    Spells: 11/18 levels left

rFire   . . .      SeeInvis .   o - +8 falchion of an ossuary {vorpal, Drain rElec rCorr MP+9}
rCold   . . .      Faith    .   w - +0 kite shield
rNeg    . . .      Spirit   .   a - +0 robe
rPois   .          Reflect  .   (helmet restricted)
rElec   +          Harm     .   g - +0 cloak
rCorr   +          Rampage  .   (gloves unavailable)
Will    +....                   (boots unavailable)
Stlth   +.........              (no amulet)
HPRegen 0.30/turn               m - +4 ring of protection
MPRegen 0.20/turn               K - +4 ring of evasion

@: ice-armoured, studying 2 skills
A: large, unfitting armour, tough skin 1
a: Renounce Religion


You were on level 11 of the Dungeon.
You worshipped Fedhas.
Fedhas was noncommittal.
You visited 2 branches of the dungeon, and saw 14 of its levels.

You collected 430 gold pieces.

Inventory:

Hand Weapons
 l - a +4 war axe
 o - the +8 falchion of an ossuary (weapon) {vorpal, Drain rElec rCorr MP+9}
   (You took it off a goblin on level 2 of the Dungeon)

   It inflicts extra damage upon your enemies.
   rElec:     It insulates you from electricity.
   MP:        It affects your magic capacity (+9).
   rCorr:     It protects you from acid and corrosion.
   Drain:     It drains your maximum health when unequipped.
 O - the +8 dagger "Jonagefu" {holy, Fly rElec rF++ SInv}
   (You found it on level 10 of the Dungeon)

   It has been blessed by the Shining One to cause great damage to the undead
   and demons.
   rF:        It greatly protects you from fire.
   rElec:     It insulates you from electricity.
   SInv:      It lets you see invisible.
   Fly:       It grants you flight.
Missiles
 k - 35 poisoned darts
 v - 7 throwing nets
 Q - 4 curare-tipped darts
 S - 4 large rocks
Armour
 a - a +0 robe (worn)
 g - a +0 cloak (worn)
 w - a +0 kite shield (worn)
Jewellery
 i - a ring of protection from fire
 m - a +4 ring of protection (left hand)
 s - a ring of fire
 y - a ring of magical power
 A - the amulet of the Yeti {Faith Drain Will+++ rCorr}
   (You found it on level 5 of the Dungeon)

   [amulet of faith]

   It allows you to gain divine favour quickly.
   rCorr:     It protects you from acid and corrosion.
   Drain:     It drains your maximum health when unequipped.
   Will:      It greatly increases your willpower.
 E - a ring of flight
 K - a +4 ring of evasion (right hand)
 N - a +6 ring of strength
Wands
 j - a wand of acid (8)
 D - a wand of digging (7)
 J - a wand of iceblast (2)
 L - a wand of paralysis (4)
 M - a wand of charming (1)
Scrolls
 c - 2 scrolls of torment {unknown}
 d - 2 scrolls of noise {unknown}
 f - 4 scrolls of identify
 n - 4 scrolls of fear {unknown}
 q - 2 scrolls of magic mapping {unknown}
 r - 3 scrolls of enchant armour {unknown}
 t - 2 scrolls of brand weapon {unknown}
 u - a scroll of fog {unknown}
 F - a scroll of teleportation {unknown}
 G - 2 scrolls of blinking {unknown}
 P - a scroll of silence {unknown}
 R - a scroll of immolation {unknown}
Potions
 b - a potion of magic
 e - a potion of attraction
 h - 3 potions of brilliance
 p - 5 potions of curing
 x - a potion of heal wounds
 z - 5 potions of mutation
 B - 2 potions of haste
 C - 3 potions of ambrosia {unknown}
 H - 2 potions of might
 I - a potion of berserk rage {unknown}


   Skills:
 * Level 11.5 Fighting
 - Level 8.0 Long Blades
 - Level 0.3(0.4) Polearms
 - Level 0.2(0.3) Staves
 - Level 1.4 Throwing
 - Level 1.7 Dodging
 - Level 1.4 Stealth
 - Level 14.0 Shields
 - Level 4.1 Spellcasting
 - Level 0.1 Summonings
 - Level 0.1 Transmutations
 - Level 0.1 Fire Magic
 - Level 3.6 Ice Magic
 - Level 0.1 Air Magic
 - Level 0.1 Earth Magic
 - Level 0.2 Poison Magic
 - Level 0.1 Invocations


You had 11 spell levels left.
You knew the following spells:

 Your Spells              Type           Power      Damage    Failure   Level
a - Freeze                Ice            72%        1d9       4%          1
b - Frozen Ramparts       Ice            36%        1d5       14%         3
c - Ozocubu's Armour      Ice            18%        N/A       14%         3

Your spell library contained the following spells:

 Spells                   Type           Power      Damage    Failure   Level
 Sublimation of Blood     Necr           4%         N/A       30%         2
 Gell's Gravitas          Tloc           4%         N/A       52%         3
 Lesser Beckoning         Tloc           4%         N/A       52%         3
 Teleport Other           Tloc           4%         N/A       52%         3
 Hailstorm                Conj/Ice       11%        3d5       67%         4
 Leda's Liquefaction      Hex/Erth       2%         N/A       89%         4
 Petrify                  Tmut/Erth      4%         N/A       89%         4
 Summon Lightning Spire   Summ/Air       4%         N/A       89%         4
 Irradiate                Conj/Tmut      2%         3d14      99%         5
 Lee's Rapid Deconstruct  Erth           2%         3d5*      99%         5
 Statue Form              Tmut/Erth      2%         N/A       100%        6
 Storm Form               Tmut/Air       2%         N/A       100%        7
 Maxwell's Capacitive Co  Air            2%         ∞         100%        8


Dungeon Overview and Level Annotations

Branches:
Dungeon (13/15)            Temple (1/1) D:7
   Lair: D:8-11         Orc: D:9-12      Vaults: D:13-14

Altars:
Ashenzari
Cheibriados
Dithmenos
Elyvilon
Fedhas
Gozag
Hepliaklqana
Makhleb
Nemelex Xobeh
Okawaru
Qazlal
Ru
Trog
Uskayaw
Wu Jian
Xom
Yredelemnul
Zin
The Shining One

Shops:
D:4 [   D:6 :

Annotations:
D:5 1 runed translucent door
D:6 2 transporters, kae's ghost, novice DgFE
D:9 exclusion: ice statue
D:12 Nessos
D:13 Erolcha


Innate Abilities, Weirdness & Mutations

You are too large for most types of armour.
You have tough skin. (AC +1)


Message History

The gargoyle is severely damaged.
The gargoyle closely misses you. The gargoyle barely misses you.
You hit the gargoyle but do no damage.
The gargoyle is severely damaged.
You block the gargoyle's attack. The gargoyle misses you.
You slash the gargoyle!
You destroy the gargoyle!
Fedhas accepts your kill.
The gargoyle hurls a stone arrow at you.
The stone arrow hits you!
You hit the gargoyle but do no damage. The gargoyle barely misses you.
You hit the gargoyle but do no damage.
The gargoyle hits you with a +0 dire flail!
* * * LOW HITPOINT WARNING * * *
You hit the gargoyle but do no damage.
The gargoyle hits you with a +0 dire flail.
* * * LOW HITPOINT WARNING * * *
You hit the gargoyle.
The gargoyle is lightly damaged.
The gargoyle hits you with a +0 dire flail!
* * * LOW HITPOINT WARNING * * *
You closely miss the gargoyle.
The gargoyle is lightly damaged.
The gargoyle barely misses you.
You hit the gargoyle.
The gargoyle is heavily damaged.
You block the gargoyle's attack.
You hit the gargoyle but do no damage.
The gargoyle is heavily damaged.
You block the gargoyle's attack.
You hit the gargoyle.
The gargoyle is heavily damaged.
The gargoyle hits you with a +0 dire flail!
* * * LOW HITPOINT WARNING * * *
You hit the gargoyle but do no damage.
The gargoyle is heavily damaged.
The gargoyle hurls a stone arrow at you.
The stone arrow hits you!!
You die...
Fedhas appreciates your contribution to the ecosystem.

##....#.....
.######..........
....#............
.)...............
.............[...
.................
...........##..#.
........$..##.##
.......@....#
.......)9......#
..............##
..............#
..........?...#
.....####....##
....# ##### #...


You could see a gargoyle.

Vanquished Creatures
  A deep elf pyromancer (D:12)
  A cyclops (D:12)
  Joseph (D:9)
  2 gargoyles
  An unseen horror (D:12)
  Psyche (D:8)
  A troll (D:10)
  Sigmund (D:2)
  2 shadows (D:10)
  2 wraiths
  2 wyverns
  7 yaks
  2 steam dragons
  2 water moccasins
  An ice beast (D:5)
  Duvessa (D:5)
  A black bear (D:7)
  5 orc warriors
  2 ogres (D:7)
  3 sky beasts
  2 centaurs (D:6)
  4 kobold brigands
  Blork the orc (D:5)
  A bullfrog (D:8)
  A gnoll sergeant (D:3)
  17 wights
  Dowan (D:5)
  5 killer bees (D:10)
  4 crimson imps (D:3)
  2 hounds
  Crazy Yiuf (D:2)
  10 orc priests
  2 jellies
  A gnoll shaman (D:8)
  3 iguanas
  9 orc wizards
  Robin (D:2)
  16 gnolls
  12 adders
  2 shadow imps
  2 white imps (D:6)
  2 ufetubi
  A dart slug (D:4)
  33 orcs
  3 ball pythons (D:1)
  5 endoplasms
  2 giant cockroaches (D:3)
  10 hobgoblins
  6 jackals
  23 kobolds
  5 quokkas
  6 bats
  4 frilled lizards
  14 goblins
  A jackal skeleton (D:5)
  A jackal zombie (D:5)
  6 rats
258 creatures vanquished.

Vanquished Creatures (others)
  A steam dragon (D:8)
  2 plants (D:6)
3 creatures vanquished.

Grand Total: 261 creatures vanquished

Notes
Turn   | Place    | Note
-------+----------+-------------------------------------------
     0 | D:1      | gruber the Ogre Ice Elementalist began the quest for the
                  | Orb.
     0 | D:1      | Reached XP level 1. HP: 16/16 MP: 3/3
   266 | D:1      | Reached XP level 2. HP: 24/24 MP: 4/6
  1434 | D:2      | Noticed Sigmund
  1499 | D:2      | Reached XP level 3. HP: 31/31 MP: 4/8
  1503 | D:2      | Learned a level 3 spell: Frozen Ramparts
  1774 | D:2      | Reached skill level 1 in Fighting
  1966 | D:2      | Identified the +8 falchion of an ossuary {vorpal, Drain
                  | rElec rCorr MP+9}
  2075 | D:2      | Noticed Robin
  2088 | D:2      | Killed Robin
  2089 | D:2      | Reached XP level 4. HP: 35/44 MP: 10/10
  2309 | D:2      | Found an iron altar of Okawaru.
  2376 | D:2      | Killed Sigmund
  2377 | D:2      | Reached skill level 5 in Fighting
  2377 | D:2      | Reached skill level 1 in Throwing
  2377 | D:2      | Reached XP level 5. HP: 12/57 MP: 11/11
  2377 | D:2      | Reached XP level 6. HP: 14/66 MP: 12/12
  2886 | D:2      | Found a runed translucent door.
  2887 | D:2      | Noticed Crazy Yiuf
  3096 | D:2      | Killed Crazy Yiuf
  3201 | D:3      | Found a shadowy altar of Dithmenos.
  3362 | D:3      | Learned a level 3 spell: Ozocubu's Armour
  3509 | D:3      | Reached skill level 1 in Long Blades
  3519 | D:3      | Found a shimmering altar of Xom.
  3740 | D:3      | Reached XP level 7. HP: 66/75 MP: 13/13
  4066 | D:3      | Found a glowing silver altar of Zin.
  4530 | D:4      | Reached skill level 5 in Long Blades
  4612 | D:4      | Reached XP level 8. HP: 83/83 MP: 14/14
  5049 | D:4      | Found Gicil's Antique Armour Shop.
  5088 | D:5      | Entered Level 5 of the Dungeon
  5411 | D:5      | Identified the amulet of the Yeti {Faith Drain Will+++
                  | rCorr}
  5517 | D:5      | Noticed Blork the orc
  5524 | D:5      | Killed Blork the orc
  5836 | D:5      | Found a runed translucent door.
  5842 | D:5      | Noticed Dowan
  5842 | D:5      | Noticed Duvessa
  5860 | D:5      | Killed Duvessa
  5862 | D:5      | Killed Dowan
  6189 | D:5      | Found a basalt altar of Yredelemnul.
  6485 | D:6      | Found Orilu's Book Emporium.
  6495 | D:6      | Noticed kae's ghost (novice DgFE)
  6496 | D:6      | Found a transporter.
  6497 | D:6      | Noticed a yak
  6628 | D:6      | Reached skill level 1 in Shields
  6629 | D:6      | Reached XP level 9. HP: 84/89 MP: 15/15
  6682 | D:6      | Reached skill level 2 in Shields
  6762 | D:6      | Found a hazy altar of Hepliaklqana.
  6838 | D:6      | Reached skill level 3 in Shields
  6888 | D:6      | Found a transporter.
  6953 | D:6      | Reached skill level 4 in Shields
  7091 | D:6      | Reached skill level 5 in Shields
  7096 | D:6      | Reached skill level 6 in Shields
  7500 | D:7      | Reached skill level 7 in Shields
  7734 | D:7      | Reached skill level 8 in Shields
  7755 | D:7      | Reached skill level 9 in Shields
  7990 | D:7      | Found a staircase to the Ecumenical Temple.
  8090 | D:7      | Reached skill level 10 in Shields
  8290 | D:7      | Reached XP level 10. HP: 94/98 MP: 16/16
  8294 | D:7      | Reached skill level 11 in Shields
  8498 | Temple   | Entered the Ecumenical Temple
  9154 | D:8      | Noticed Psyche
  9163 | D:8      | Reached skill level 12 in Shields
  9176 | D:8      | Paralysed by Psyche for 2 turns
  9784 | D:8      | Found a blossoming altar of Fedhas.
  9952 | D:8      | Killed Psyche
  9953 | D:8      | Reached skill level 13 in Shields
 10183 | D:9      | Found a bloodstained altar of Trog.
 10318 | D:9      | Found an ornate altar of the Wu Jian Council.
 10372 | D:9      | Noticed an ice statue
 10405 | D:9      | Found an iron altar of Okawaru.
 10776 | D:9      | Noticed Joseph
 10796 | D:9      | Killed Joseph
 11084 | D:9      | Reached skill level 14 in Shields
 12063 | D:10     | Entered Level 10 of the Dungeon
 12221 | D:8      | Became a worshipper of Fedhas Madash
 12871 | D:10     | Noticed a gargoyle
 12885 | D:10     | Killed a gargoyle
 12886 | D:10     | Reached XP level 11. HP: 111/111 MP: 17/17
 12932 | D:10     | Identified the +8 dagger "Jonagefu" {holy, Fly rElec rF++
                  | SInv}
 13309 | D:10     | Found a sparkling altar of Nemelex Xobeh.
 13440 | D:10     | You fall into a shaft and drop 3 floors!
 13448 | D:12     | Noticed a two-headed ogre
 13459 | D:13     | Noticed Erolcha
 13466 | D:12     | Noticed a cyclops
 13477 | D:12     | Killed a cyclops
 13478 | D:12     | Reached skill level 10 in Fighting
 13568 | D:12     | Noticed a deep elf pyromancer
 13596 | D:12     | Killed a deep elf pyromancer
 13980 | D:12     | Noticed Nessos
 14179 | D:11     | HP: 3/120 [gargoyle/+0 dire flail (16)]
 14180 | D:11     | Killed from afar by a gargoyle

Illustrated notes

Levels and vault maps discovered:
D:1:      erik_arrival_orb_chamber, layout_basic, minmay_misc_feat_more_columns
D:2:      layout_basic, basic_altar, uniq_sigmund, uniq_robin,
          uniq_crazy_yiuf_cottage
D:3:      layout_loops_ring, led_xom_imps, marbit_many_paths,
          nicolae_dithmenos_shadow_blocks
D:4:      layout_basic, serial_shops, nicolae_lakefront_shop,
          minmay_manual_macuahuitl
D:5:      layout_basic, dk_yredelemnul_ordeal, portal_sewer_entry_d,
          serial_glass, glass_columns_c, glass_columns_a, item_on_display_a,
          feat_on_display, feat_on_display, uniq_blork_the_orc, uniq_duvessa
D:6:      layout_gridville, nicolae_hepliaklqana_hazy_memory,
          gammafunk_ghost_arena, serial_shops, shop, minmay_manual_mares
D:7:      layout_cave_pools, temple_fountains, minmay_manual_mandibuliform
D:8:      layout_basic, mainiacjoe_overflow_alcove_2, uniq_psyche
D:9:      layout_grid_maze, mainiacjoe_overflow_catwalk,
          mainiacjoe_overflow_tiny_flanked, nicolae_wu_jian_wuxing_cycle,
          enter_bailey_4, minivault_16, uniq_joseph
D:10:     layout_cave_pools, palyth_temple_overflow_mages,
          nicolae_overflow_crystal_walls, hiddenorc2_lemuel, special_room
          [special_room_orc], lightli_wizard_tower
D:11:     layout_cave_pools, lair_entry_dummy, minmay_misc_feat_hallway,
          okawaru_ov_weapons_minmay, uniq_harold
D:12:     layout_layer_cave, uniq_nergalle, uniq_urug, uniq_josephine,
          uniq_nessos
D:13:     layout_basic, skrybe_vaults_entry_preservation, gammafunk_ghost_crypt,
          uniq_erolcha, uniq_maurice, uniq_kirke
Temple:   jpeg_temple_island

Skill      XL: |  1  2  3  4  5  6  7  8  9 10 11 |
---------------+----------------------------------+-----
Spellcasting   | 3 4 |  4.1
Fighting       | 2 5 6 8 11 | 11.5
Throwing       | 1 |  1.4
Long Blades    | 3 5 8 |  8.0
Shields        | 1 10 14 | 14.0
Polearms       | |  0.3
Staves         | |  0.2
Dodging        | |  1.7
Stealth        | |  1.4
Summonings     | |  0.1
Transmutations | |  0.1
Fire Magic     | |  0.1
Ice Magic      | |  3.6
Air Magic      | |  0.1
Earth Magic    | |  0.1
Poison Magic   | |  0.2
Invocations    | |  0.1

Action                   |  1- 3 |  4- 6 |  7- 9 | 10-12 || total
-------------------------+-------+-------+-------+-------++-------
Melee: Unarmed           |     8 |       |       |       ||     8
       War axe           |    11 |       |       |       ||    11
       Falchion          |     7 |    56 |   243 |   264 ||   570
       Punch             |       |       |     2 |       ||     2
Throw: Dart              |       |     7 |       |     5 ||    12
 Cast: Freeze            |    41 |     5 |     3 |       ||    49
       Frozen Ramparts   |     2 |    10 |    25 |    30 ||    67
       Ozocubu's Armour  |       |       |    12 |    22 ||    34
  Use: Potion            |       |     3 |       |       ||     3
       Scroll            |       |       |     5 |       ||     5
 Stab: Sleeping          |     1 |     3 |     6 |       ||    10
Armor: Robe              |    39 |    31 |   140 |    71 ||   281
Dodge: Dodged            |    44 |    31 |   137 |   111 ||   323
Block: Kite shield       |       |       |    31 |   168 ||   199

Table legend: (Time is in decaauts)
 A = Elapsed time spent in this place.
 B = Non-inter-level travel time spent in this place.
 C = Inter-level travel time spent in this place.
 D = Time resting spent in this place.
 E = Time spent auto-exploring this place.
 F = Levels seen in this place.
 G = Mean time per level.
                   A        B        C        D        E       F      G
               +--------+--------+--------+--------+--------+-----+--------+
         Total |  14260 |  13093 |   1167 |    324 |  10759 |  14 | 1018.6 |
       Dungeon |  13993 |  12834 |   1159 |    324 |  10511 |  13 | 1076.4 |
        Temple |    266 |    258 |      8 |      0 |    247 |   1 |  266.0 |
               +--------+--------+--------+--------+--------+-----+--------+

Top non-repeatable levels by time:
     D:9: 2032 daAuts
     D:2: 1787 daAuts
     D:7: 1486 daAuts
     D:1: 1463 daAuts
     D:8: 1304 daAuts
     D:5: 1300 daAuts
     D:6: 1204 daAuts
     D:3: 1055 daAuts
     D:4: 946 daAuts
    D:10: 659 daAuts
    D:12: 536 daAuts
  Temple: 266 daAuts
    D:11: 197 daAuts
    D:13: 19 daAuts
